 Dungeon Sprint DCSS version 0.21-a0-178-g0b87683 (webtiles) character file.

736 Cecillian the Cleaver (level 7, -3/73 HPs)
             Began as a Minotaur Fighter on Aug 9, 2017.
             Was an Initiate of Okawaru.
             Slain by a fire elemental (12 damage)
             ... summoned by a deep elf mage
             ... in the Dungeon (Sprint III: "The Ten Rune Challenge").
             The game lasted 00:02:05 (745 turns).

Cecillian the Cleaver (Minotaur Fighter)             Turns: 745, Time: 00:02:05

Health: -3/73      AC: 10    Str: 21    XL:     7   Next: 46%
Magic:  6/6        EV:  9    Int:  7    God:    Okawaru [......]
Gold:   42         SH: 12    Dex: 11    Spells: 6/6 levels left

rFire    . . .     SeeInvis .   a - +0 war axe
rCold    . . .     Gourm    .   c - +0 shield
rNeg     . . .     Faith    .   b - +0 scale mail
rPois    .         Spirit   .   (helmet restricted)
rElec    .         Reflect  .   (no cloak)
rCorr    .         Harm     .   (no gloves)
MR       .....     Clarity  +   (no boots) Stlth ..........NoTele +
                                (no amulet)
HPRegen  0.22/turn              (no ring)
MPRegen  0.10/turn              (no ring)

@: no status effects
A: retaliatory headbutt, horns 2, iridescent scales 1, clarity, clever 1,
subdued magic 1
a: Renounce Religion


You were in the Dungeon.
You worshipped Okawaru.
Okawaru was noncommittal.
You were not hungry.

You visited 1 branch You collected 42 gold pieces.

Inventory:

Hand Weapons
 a - a +0 war axe (weapon)
Missiles
 l - 10 stones (quivered)
Armour
 b - a +0 scale mail (worn)
 c - a +0 shield (worn)
Scrolls
 k - a scroll of blinking
 n - 2 scrolls of torment {unknown}
 o - 3 scrolls of identify {unknown}
 p - a scroll of fear {unknown}
Potions
 h - a potion of haste
 i - 2 potions of magic
 j - a potion of berserk rage
 r - 3 potions of flight
 t - 3 potions of mutation
Books
 d - a book of Minor Magic

   Spells                             Type                      Level
   a - Magic Dart                     Conjuration                  1
   b - Blink                          Translocation                2
   c - Call Imp                       Summoning                    2
   d - Slow                           Hexes                        2
   e - Conjure Flame                  Conjuration/Fire             3
   f - Mephitic Cloud                 Conjuration/Poison/Air       3
Comestibles
 f - a bread ration
 q - a meat ration
 s - 2 royal jellies


   Skills:
 + Level 10.6 Fighting
 + Level 10.7 Axes
 + Level 10.2 Armour
 + Level 0.7 Dodging
 + Level 9.9 Shields


You had 6 spell levels left.
You didn't know any spells.

Dungeon Overview and Level Annotations

Branches:
Dungeon (1/1)

Altars:
Dithmenos
Elyvilon
Fedhas
Kikubaaqudgha
Okawaru
Qazlal
Ru
Sif Muna
Trog
Uskayaw
Vehumet
Wu Jian
Yredelemnul
Zin
The Shining One
Beogh


Innate Abilities, Weirdness & Mutations

You reflexively headbutt those who attack you in melee.
You have a pair of horns on your head.
You are partially covered in iridescent scales. (AC +2)
You possess an exceptional clarity of mind.
Your mind is acute. (Int +2)
Your spells are a little easier to cast, but a little less powerful.


Message History

The deep elf mage is moderately wounded.
You hit the fire elemental but do no damage.
The deep elf mage hits you but does no damage.
The fire elemental hits you.
* * * LOW HITPOINT WARNING * * *
The fire elemental burns you!
* * * LOW HITPOINT WARNING * * *
The deep elf mage casts a spell at you. The sticky flame hits you!
You are covered in liquid flames!
* * * LOW HITPOINT WARNING * * *
There is an open door here.
You are covered in liquid flames!
* * * LOW HITPOINT WARNING * * *
You block the fire elemental's attack.
You feel better.
You are covered in liquid flames!
* * * LOW HITPOINT WARNING * * *
The fire elemental hits you. The fire elemental burns you!
You die...

▓▓▓▓▓ ▓▓▓ #[..####
##.############
#......#####..#_§_#___#__#
#.......#..#..#e.§#__.#._#
##.##...#..#..###E#)###)##
##.###..##'#..#.@........#
###.##..###...'.⌠........#
#..##.)####...#...######+#
...##..###....#.⌠.# #...#
..##...##.....#...# #...#
.##....#÷.....#)### #...#
###..##.#.....#).:# #...+
# #..#####....#___#v_+...#
▓ ▓▓▓▓ ▓▓▓▓▓▓▓▓▓▓▓▓▓▓▓▓▓


You could see a fire elemental.

Vanquished Creatures
  A shadow (D)
  A necrophage (D)
  A water elemental (D)
  A jelly (D)
  A wizard (D)
  Jessica (D)
  A necromancer (D)
  3 humans (D)
  A kobold demonologist (D)
  2 oozes (D)
  A phantom (D)
  A rat (D)
15 creatures vanquished.

Vanquished Creatures (others)
  2 draconian scorchers (D)
  6 hellions (D)
  A yaktaur (D)
9 creatures vanquished.

Grand Total: 24 creatures vanquished

Notes
Turn   | Place    | Note
-------+----------+-------------------------------------------
     0 | D        | Cecillian the Minotaur Fighter began the quest for the Orb.
     0 | D        | Reached XP level 1. HP: 19/19 MP: 0/0
    11 | D        | Reached XP level 2. HP: 28/28 MP: 1/1
    35 | D        | Noticed Jessica
    41 | D        | Killed Jessica
    41 | D        | Reached skill level 5 in Fighting
    41 | D        | Reached skill level 5 in Armour
    41 | D        | Reached skill level 5 in Shields
    41 | D        | Reached XP level 3. HP: 33/36 MP: 2/2
    73 | D        | Killed a hellion
    74 | D        | Killed a hellion
    89 | D        | Killed a yaktaur
   153 | D        | Killed a hellion
   203 | D        | Killed a hellion
   207 | D        | Killed a white draconian scorcher
   208 | D        | Gained mutation: You expend magic power (3 MP) to strengthen your wands. [potion of mutation]
   208 | D        | Gained mutation: You possess an exceptional clarity of mind. [potion of mutation]
   209 | D        | Lost mutation: You expend magic power (3 MP) to strengthen your wands. [potion of mutation]
   209 | D        | Lost mutation: You possess an exceptional clarity of mind. [potion of mutation]
   209 | D        | Gained mutation: Your mind is acute. (Int +2) [potion of mutation]
   209 | D        | Gained mutation: You possess an exceptional clarity of mind. [potion of mutation]
   209 | D        | Gained mutation: Your spells are a little easier to cast, but a little less powerful. [potion of mutation]
   209 | D        | Gained mutation: You are partially covered in iridescent scales. (AC +2) [potion of mutation]
   216 | D        | Killed a hellion
   224 | D        | Noticed a water elemental
   229 | D        | Killed a water elemental
   229 | D        | Reached skill level 5 in Axes
   229 | D        | Reached XP level 4. HP: 47/47 MP: 3/3
   234 | D        | Found a radiant altar of Vehumet.
   234 | D        | Found a deep blue altar of Sif Muna.
   234 | D        | Found an ancient bone altar of Kikubaaqudgha.
   234 | D        | Noticed a wizard
   240 | D        | Reached XP level 5. HP: 52/52 MP: 4/4
   242 | D        | Killed a white draconian scorcher
   265 | D        | Noticed a shadow
   272 | D        | Killed a hellion
   278 | D        | Killed a shadow
   278 | D        | Reached XP level 6. HP: 22/63 MP: 5/5
   483 | D        | Found a blossoming altar of Fedhas.
   483 | D        | Found a stormy altar of Qazlal.
   484 | D        | Noticed a spatial vortex
   493 | D        | Found a basalt altar of Yredelemnul.
   493 | D        | Found a shadowy altar of Dithmenos.
   493 | D        | Found a sacrificial altar of Ru.
   506 | D        | Found an ornate altar of the Wu Jian Council.
   506 | D        | Found an iron altar of Okawaru.
   507 | D        | Found a roughly hewn altar of Beogh.
   507 | D        | Found a bloodstained altar of Trog.
   507 | D        | Found a hide-covered altar of Uskayaw.
   507 | D        | Noticed a human
   507 | D        | Noticed a human
   527 | D        | Killed a human
   527 | D        | Reached skill level 10 in Fighting
   527 | D        | Reached XP level 7. HP: 38/72 MP: 6/6
   535 | D        | Killed a human
   535 | D        | Reached skill level 10 in Axes
   535 | D        | Reached skill level 10 in Armour
   724 | D        | Became a worshipper of Warmaster Okawaru
   729 | D        | Found a glowing silver altar of Zin.
   729 | D        | Found a glowing golden altar of the Shining One.
   729 | D        | Found a white marble altar of Elyvilon.
   730 | D        | Noticed a deep elf mage
   738 | D        | Noticed a fire elemental
   744 | D        | HP: 1/73 [burnt (7)]
   745 | D        | Slain by a fire elemental

Vault maps used:
D:        dungeon_sprint_mu

Skill      XL: |  1  2  3  4  5  6  7 |
---------------+----------------------+-----
Fighting       | 4 5 7 9 10 | 10.6
Armour         | 4 5 6 7 9 10 | 10.2
Shields        | 4 5 6 7 9 |  9.9
Axes           | 3 5 8 9 10 | 10.7
Dodging        | |  0.7

Action                   |  1- 3 |  4- 6 |  7- 9 || total
-------------------------+-------+-------+-------++-------
Melee: War axe           |    22 |    40 |    18 ||    80
       Headbutt          |     6 |     3 |     4 ||    13
  Use: Potion            |     2 |     1 |     2 ||     5
Armor: Scale mail        |     6 |    10 |     8 ||    24
Dodge: Dodged            |     7 |     6 |     2 ||    15
Block: Shield            |     8 |    17 |     8 ||    33
